 Dungeon Crawl Stone Soup version 0.23-a0-143-g1adec7b (webtiles) character file.

67 galech the Covered (level 4, 21/35 HPs)
             Began as a Demonspawn Fighter on Sept 4, 2018.
             Quit the game on level 2 of the Dungeon.
             The game lasted 00:01:17 (832 turns).

galech the Covered (Demonspawn Fighter)              Turns: 832, Time: 00:01:18

Health: 21/35      AC:  6    Str: 17    XL:     4   Next: 0%
Magic:  4/4        EV:  7    Int:  9    God:
Gold:   50         SH:  9    Dex: 13    Spells: 3/3 levels left

rFire    . . .     SeeInvis .   a - +0 war axe
rCold    . . .     Gourm    .   c - +0 shield
rNeg     . . .     Faith    .   b - +0 scale mail
rPois    .         Spirit   .   (helmet restricted)
rElec    .         Reflect  .   (no cloak)
rCorr    .         Harm     .   (no gloves)
MR       .....                  (no boots)
Stlth    ..........             (no amulet)
HPRegen  0.11/turn              (no ring)
MPRegen  0.09/turn              (no ring)

@: no status effects
A: antennae 1, spiny 1
a: no special abilities


You were on level 2 of the Dungeon.
You were not hungry.

You visited 1 branch of the dungeon, and saw 2 of its levels.

You collected 50 gold pieces.

Inventory:

Hand Weapons
 a - a +0 war axe (weapon)
Armour
 b - a +0 scale mail (worn)
 c - a +0 shield (worn)
Scrolls
 e - 2 scrolls of immolation {unknown}
 h - a scroll of blinking {unknown}
 i - a scroll of remove curse {unknown}
 k - a scroll of identify {unknown}
Potions
 d - 2 potions of might
 j - a potion of cancellation {unknown}
 l - a potion of curing {unknown}
Comestibles
 f - 2 rations
 g - 7 chunks of flesh


   Skills:
 + Level 3.1 Fighting
 + Level 2.1 Axes
 + Level 3.5 Armour
 + Level 1.1 Dodging
 + Level 3.1 Shields


You had 3 spell levels left.
You didn't know any spells.
Your spell library was empty.

Dungeon Overview and Level Annotations

Branches:
Dungeon (2/15)

Altars:


Innate Abilities, Weirdness & Mutations

You have a pair of small antennae on your head.
You are partially covered in sharp spines.


Message History

A kobold comes into view. It is wielding a short sword.
The kobold shouts!
You hear a shout!
There are monsters nearby!
You block the kobold's attack.
A goblin comes into view. It is wielding a dagger.
You block the rat's attack.
Found a bronze wand.
You slash the rat!
You kill the rat!
You hit the kobold but do no damage. The kobold hits you but does no damage.
The kobold is struck by your spines. The kobold hits you with a short sword.
You hit the kobold but do no damage.
The kobold is moderately wounded.
The kobold closely misses you.
You slash the kobold!
You kill the kobold!
You have reached level 4!
You feel stronger.
Your demonic ancestry asserts itself...
A pair of antennae grows on your head!
Are you sure you want to abandon this character and quit the game? (Confirm

........#......# ....
#######)#..##...
...###....<))....#..#
....#.###.#.#...#..#
#...# #...#.........
#...# #.###.##).#..#
#.g.# #.# #.....#...
#..)# #.###.##..##.#
..##..@#+#.........##.#
/.....$....####.###..#..
....<......+ .. ##.#..
##.........### #####.#..
#.........# #........
#.........# #.###....
#.........# ####..#
#.........# #....>.
########### #.##...


You could see a goblin.

Vanquished Creatures
  3 gnolls (D:2)
  An adder (D:2)
  A dart slug (D:1)
  2 leopard geckos
  4 bats (D:1)
  2 giant cockroaches (D:1)
  4 goblins
  2 hobgoblins
  3 frilled lizards (D:1)
  A kobold (D:2)
  4 rats
  A toadstool (D:1)
28 creatures vanquished.

Vanquished Creatures (others)
  3 toadstools (D:1)
3 creatures vanquished.

Grand Total: 31 creatures vanquished

Notes
Turn   | Place    | Note
-------+----------+-------------------------------------------
     0 | D:1      | galech the Demonspawn Fighter began the quest for the Orb.
     0 | D:1      | Reached XP level 1. HP: 18/18 MP: 1/1
   152 | D:1      | Gained mutation: You are partially covered in sharp spines.
                  | [demonic ancestry]
   152 | D:1      | Reached XP level 2. HP: 17/24 MP: 2/2
   743 | D:2      | Reached XP level 3. HP: 21/29 MP: 3/3
   800 | D:2      | Reached skill level 1 in Dodging
   831 | D:2      | Gained mutation: You have a pair of small antennae on your
                  | head. [demonic ancestry]
   831 | D:2      | Reached XP level 4. HP: 21/35 MP: 4/4
   832 | D:2      | Quit the game

Vault maps used:
D:1:      ldierk_water_garden, minmay_tetromino_s4

Skill      XL: |  1  2  3 |
---------------+----------+-----
Armour         | 3 |  3.5
Axes           | 2 |  2.1
Dodging        | 1 |  1.1
Shields        | 3 |  3.1
Fighting       | |  3.1

Action                   |  1- 3 |  4- 6 || total
-------------------------+-------+-------++-------
Melee: War axe           |    93 |       ||    93
Armor: Scale mail        |    59 |       ||    59
Dodge: Dodged            |    24 |       ||    24
Block: Shield            |    61 |       ||    61

Table legend:
 A = Non-vault XP
 B = Vault XP
 C = Vault XP percentage of total XP
 D = Non-vault monster count
 E = Vault monster count
 F = Vault count percentage of total count
                 A         B        C        D         E       F
            +---------+---------+-------+---------+---------+-------
      Total |      94 |       3 |   3.1 |      26 |       1 |   3.7
            +---------+---------+-------+---------+---------+-------
        D:1 |      27 |       3 |  10.0 |      15 |       1 |   6.2
        D:2 |      67 |       0 |   0.0 |      11 |       0 |   0.0
            +---------+---------+-------+---------+---------+-------
